 Dungeon Crawl Stone Soup version 0.20-a0-331-g5b3579f (webtiles) character file.

87154 dondy the Fencer (level 15, -8/115 HPs)
             Began as a Demonspawn Abyssal Knight on Dec 21, 2016.
             Was a High Priest of Lugonu.
             Killed by divine providence
             ... invoked by a meliai
              (10 damage)
             ... on level 15 of the Dungeon.
             The game lasted 02:19:19 (40671 turns).

dondy the Fencer (Demonspawn Abyssal Knight)       Turns: 40671, Time: 02:19:19

Health: -8/115     AC: 28    Str: 17    XL:     15   Next: 42%
Magic:  14/22      EV: 10    Int: 15    God:    Lugonu [*****.]
Gold:   1990       SH:  0    Dex: 13    Spells: 14/14 levels left

rFire  + + .     SeeInvis .     a - +0 great sword (flame)
rCold  + + .     Gourm    .     h - +2 plate armour {rC+}
rNeg   . . .     Faith    +     (shield currently unavailable)
rPois  +         Spirit   .     m - +2 hat
rElec  .         Reflect  .     J - +1 cloak
rCorr  +         Harm     .     u - +2 pair of gloves {archery}
MR     +....                    k - +0 pair of boots
Stlth  ..........               N - amulet "Jeseaseq" {Faith rPois rF+}
                                X - ring of resist corrosion
                                T - ring of protection from cold

@: no status effects
A: talons 1, molten scales 2, fire resistance 1, nightstalker 2, flame cloud
immunity
a: Depart the Abyss, Bend Space, Banish, Corrupt, Enter the Abyss, Renounce
Religion


You were on level 15 of the Dungeon.
You worshipped Lugonu.
Lugonu was extremely pleased with you.
You were hungry.

You visited 3 branches of the dungeon, and saw 23 of its levels.
You visited the Abyss 1 time.

You collected 2471 gold pieces.
You spent 481 gold pieces at shops.

Inventory:

Hand Weapons
 a - a +0 great sword of flaming (weapon)
 b - a +2 dagger of electrocution
Missiles
 v - 2 throwing nets (quivered)
Armour
 h - a +2 plate armour of cold resistance (worn)
 k - a +0 pair of boots (worn)
 m - a +2 hat (worn)
 u - a +2 pair of gloves of archery (worn)
 J - a +1 cloak (worn)
Jewellery
 n - an uncursed ring of see invisible
 D - a +3 ring of strength {unknown}
 M - an uncursed ring of flight
 N - the amulet "Jeseaseq" (around neck) {Faith rPois rF+}
   (You found it on level 7 of the Dungeon)

   [amulet of faith]

   It allows you to gain divine favour quickly.
   It protects you from fire.
   It protects you from poison.
 T - a ring of protection from cold (left hand)
 X - a ring of resist corrosion (right hand)
Wands
 x - a wand of flame (15/48)
 y - a wand of acid (1/15)
 A - a wand of disintegration (14/24)
 C - a wand of paralysis (6/24)
 L - a wand of confusion (24/48)
Scrolls
 d - 3 scrolls of fog
 l - 2 scrolls of blinking
 r - a scroll of holy word {unknown}
 s - a scroll of acquirement {unknown}
 w - 2 scrolls of identify
 z - 5 scrolls of magic mapping
 G - 3 scrolls of remove curse
 H - 2 scrolls of silence
 O - 6 scrolls of teleportation
 V - 2 scrolls of noise {unknown}
 W - a scroll of vulnerability {unknown}
Potions
 e - 5 potions of curing
 i - 2 potions of resistance
 j - 2 potions of ambrosia
 B - 2 potions of haste
 R - 2 potions of heal wounds
 S - 2 potions of might
 U - a potion of mutation {unknown}
Miscellaneous
 o - a phial of floods
 I - a lamp of fire
Comestibles
 c - 12 bread rations
 f - 14 meat rations
 p - 14 fruits
 q - 3 slices of pizza
 t - 4 beef jerkies
 F - 3 royal jellies


   Skills:
 - Level 10.1 Fighting
 + Level 17.8 Long Blades
 - Level 10.0 Armour
 - Level 10.0 Dodging
 - Level 10.0 Invocations


You had 14 spell levels left.
You didn't know any spells.

Dungeon Overview and Level Annotations

Branches:
Dungeon (15/15)            Temple (0/1) D:4            Lair (6/6) D:9
  Swamp (0/4) Lair:2       Spider (0/4) Lair:2        Slime (0/5) Lair:6
    Orc (2/2) D:12            Elf (0/3) Orc:2        Vaults (0/5) D:14
 Depths: D:15

Altars:
Gozag
Makhleb
Zin
Beogh
Jiyva

Shops:
D:8 *   D:11 *   Orc:2 :?*[

Portals:
Hell: Lair:6

Annotations:
D:2 Sigmund
D:15 1 runed door, corrupted
Lair:2 exclusion: oklob plant
Lair:5 exclusion: oklob plant
Orc:2 corrupted


Innate Abilities, Weirdness & Mutations

You have sharp toenails.
You are mostly covered in molten scales. (AC +3)
Your flesh is heat resistant. (rF+)
You are significantly more attuned to the shadows.
You are immune to clouds of flame.


Message History

Lugonu's Hand of Corruption reaches out!
You are feeling hungry.
Lugonu is no longer ready to corrupt your weapon.
The meliai hits you but does no damage. The meliai closely misses you.
The meliai calls down the wrath of its god upon you.
Something smites you!
* * * LOW HITPOINT WARNING * * *
The meliai hits you but does no damage.
The meliai stings you but does no damage.
The meliai hits you but does no damage. The meliai barely misses you.
Space bends sharply around you!
The large abomination blinks!
The meliai blinks!
You blink.
* * * LOW HITPOINT WARNING * * *
The meliai mumbles some strange prayers to its god against you.
Something smites you!
* * * LOW HITPOINT WARNING * * *
The boggart closely misses the raiju.
The meliai mumbles some strange prayers to its god against you.
Something smites you!
You die...

#.#.#.⌠.#.....# #.
#(..#...#.##..# #.
#...##'##.##..##...
#.............##.##
##....#####..## #
###...## # ..#..# #
#z#5### #@....#
##F#h### ..z..#
##ZX3#G# #§#hW #
#§y#g#J ##{y #.zg
#Cy..


You could see a meliai, a boggart, a neutral glowing orange brain, a neutral
thrashing horror, 2 neutral raiju, a neutral blink frog, a neutral neqoxec, a
neutral wraith, a neutral flying skull (wandering), a neutral jelly, a neutral
iron imp (wandering), a neutral wight and a neutral ogre zombie.

Vanquished Creatures
  Gastronok (Lair:1)
  A fire giant (D:14)
  Fannar (D:10)
  8 hydras
  A vault guard (D:14)
  Erica (D:8)
  A centaur warrior (D:14)
  An ogre mage (D:15)
  8 two-headed ogres
  2 tengu warriors (D:13)
  4 orc high priests (Orc:2)
  4 death yaks
  2 unseen horrors
  3 skeletal warriors (D:15)
  A sixfirhy (Lair:6)
  A wizard (Lair:6)
  A cyclops (D:15)
  2 deep elf magi
  An ugly thing (D:13)
  2 manticores
  2 centaur zombies
  15 elephants
  3 orange demons (Lair:6)
  Joseph (D:7)
  2 black mambas
  A torpor snail (Lair:5)
  Psyche (D:10)
  A gargoyle (D:14)
  A centaur skeleton (D:14)
  A kobold demonologist (D:14)
  18 spiny frogs
  5 rime drakes
  2 efreet
  A freezing wraith (D:14)
  14 komodo dragons
  2 ice devils (Lair:6)
  A hellwing (Lair:6)
  2 tengu conjurers (D:14)
  A hornet (D:15)
  6 trolls
  5 hippogriffs
  24 blink frogs
  17 dream sheep
  A wraith (D:12)
  2 shadows
  5 wyverns
  A vampire (D:12)
  A hungry ghost (D:14)
  30 yaks
  3 basilisks
  Menkaure (D:6)
  A steam dragon (D:14)
  2 vampire mosquitoes
  7 wargs (Orc:2)
  An acid dragon (D:14)
  18 water moccasins
  4 hell hounds (Lair:6)
  12 porcupines
  5 black bears
  2 ice beasts
  An eye of draining (D:14)
  7 orc warriors
  3 necrophages
  6 sky beasts
  4 phantoms
  10 ogres
  13 wolves
  4 boggarts
  13 centaurs
  17 crocodiles
  7 big kobolds
  18 bullfrogs
  6 scorpions
  A water moccasin skeleton (D:7)
  4 killer bees (D:7)
  5 wights (D:10)
  2 electric eels
  5 howler monkeys
  7 crimson imps
  A bullfrog zombie (D:8)
  2 bullfrog skeletons
  11 hounds
  22 orc priests
  Crazy Yiuf (D:7)
  A jelly (D:9)
  5 iguanas
  16 orc wizards
  8 worker ants
  Terence (D:2)
  A killer bee zombie (D:9)
  A hound zombie (D:11)
  2 hound skeletons
  A howler monkey zombie (D:6)
  7 gnolls
  5 adders
  2 shadow imps
  2 oozes
  An adder zombie (D:7)
  An adder skeleton (D:8)
  5 worms
  3 dart slugs (D:1)
  3 leopard geckos
  63 orcs
  7 bats
  6 giant cockroaches
  4 goblins
  10 hobgoblins
  29 jackals
  16 kobolds
  3 quokkas
  A ball python (D:1)
  7 frilled lizards
  A jackal zombie (D:5)
  2 quokka skeletons
  6 rats
  A fungus (Lair:6)
  A plant (D:9)
660 creatures vanquished.

Vanquished Creatures (others)
  The ghost of azzavlup the Unseen, a journeyman KoBe of Trog (Lair:6)
  The ghost of Borgoz the Grappler, a novice TrCK of Xom (Lair:1)
  2 two-headed ogres
  The ghost of Graouh the Carver, a novice MiFi of Okawaru (D:8)
  5 orc high priests (Orc:2)
  The ghost of dondy the Carver, a novice DsAK of Lugonu (D:10)
  A tengu warrior (D:14)
  An orb spider (Lair:2)
  2 cyclopes
  A spiny frog (Lair:1)
  A komodo dragon (Lair:3)
  A tengu conjurer (D:14)
  A troll (D:10)
  2 orc warriors
  5 orc priests (Orc:2)
  9 orcs (Orc:2)
  A kobold (D:14)
  45 fungi
  26 plants
  2 starspawn tentacles (Orc:2)
109 creatures vanquished.

Grand Total: 769 creatures vanquished

Notes
Turn   | Place    | Note
-------+----------+-------------------------------------------
     0 | Abyss:1  | dondy the Demonspawn Abyssal Knight began the quest for the Orb.
     0 | Abyss:1  | Reached XP level 1. HP: 18/18 MP: 2/2
     1 | Abyss:1  | Found a corrupted altar of Lugonu.
    22 | Abyss:1  | Found a corrupted altar of Lugonu.
    46 | Abyss:1  | Found a corrupted altar of Lugonu.
    63 | D:1      | Escaped the Abyss
    92 | D:1      | Reached skill level 1 in Dodging
    92 | D:1      | Gained mutation: You are slightly more attuned to the shadows. [demonic ancestry]
    92 | D:1      | Reached XP level 2. HP: 18/24 MP: 3/3
   520 | D:1      | Reached skill level 2 in Long Blades
   808 | D:1      | Reached * piety under Lugonu
   808 | D:1      | Reached XP level 3. HP: 26/30 MP: 4/4
  1063 | D:2      | Noticed Sigmund
  2030 | D:2      | Noticed Terence
  2154 | D:2      | Killed Terence
  2154 | D:2      | Reached skill level 3 in Long Blades
  2154 | D:2      | Gained mutation: Your flesh is heat resistant. (rF+) [demonic ancestry]
  2154 | D:2      | Reached XP level 4. HP: 30/37 MP: 5/5
  2713 | D:3      | Noticed a sky beast
  2730 | D:3      | Killed a sky beast
  2730 | D:3      | Reached skill level 4 in Long Blades
  2730 | D:3      | Gained mutation: You are partially covered in molten scales. (AC +2) [demonic ancestry]
  2730 | D:3      | Reached XP level 5. HP: 26/42 MP: 6/6
  3041 | D:3      | Reached ** piety under Lugonu
  3790 | D:4      | Found a staircase to the Ecumenical Temple.
  3889 | D:4      | Reached skill level 5 in Long Blades
  4061 | D:4      | Found an opulent altar of Gozag.
  4180 | D:4      | Noticed a phantom
  4522 | D:4      | Killed a phantom
  4522 | D:4      | Gained mutation: You are immune to clouds of flame. [demonic ancestry]
  4522 | D:4      | Reached XP level 6. HP: 27/48 MP: 7/7
  4753 | D:5      | Entered Level 5 of the Dungeon
  4837 | D:5      | Reached skill level 6 in Long Blades
  5165 | D:5      | Reached *** piety under Lugonu
  5195 | D:5      | Reached XP level 7. HP: 46/53 MP: 8/8
  6117 | D:6      | Reached skill level 7 in Long Blades
  7233 | D:6      | Gained mutation: You are mostly covered in molten scales. (AC +3) [demonic ancestry]
  7233 | D:6      | Reached XP level 8. HP: 40/60 MP: 11/11
  7750 | D:7      | Noticed Menkaure
  7767 | D:6      | Reached skill level 5 in Invocations
  7823 | D:6      | Killed Menkaure
  7823 | D:6      | Reached skill level 8 in Long Blades
  8167 | D:7      | Noticed Joseph
  8981 | D:7      | Killed Joseph
  8981 | D:7      | Reached skill level 9 in Long Blades
  9130 | D:6      | Reached XP level 9. HP: 39/63 MP: 13/15
  9406 | D:7      | HP: 3/63 [spatial distortion (3)]
  9852 | D:7      | Found a runed door.
  9856 | D:7      | Noticed Crazy Yiuf
  9864 | D:7      | Killed Crazy Yiuf
 10065 | D:7      | Reached **** piety under Lugonu
 10231 | D:7      | Reached skill level 10 in Long Blades
 10420 | D:7      | Got a smoking garnet amulet
 10638 | D:8      | Found Hocoedgh's Assorted Antiques.
 10641 | D:8      | Bought a scroll of identify for 52 gold pieces
 10641 | D:8      | Identified the amulet "Jeseaseq" {Faith rPois rF+} (You found it on level 7 of the Dungeon)
 10651 | D:8      | Noticed Graouh's ghost (novice MiFi)
 11310 | D:8      | Noticed Erica
 11362 | D:8      | Killed Erica
 11362 | D:8      | Reached skill level 11 in Long Blades
 11362 | D:8      | Reached XP level 10. HP: 19/71 MP: 16/16
 11775 | D:8      | Banished Graouh's ghost
 12109 | D:9      | Noticed a two-headed ogre
 12461 | D:9      | HP: 2/71 [troll (4)]
 12884 | D:9      | Found a staircase to the Lair.
 13420 | D:9      | Killed a two-headed ogre
 13420 | D:9      | Reached skill level 5 in Armour
 13625 | D:9      | Reached skill level 12 in Long Blades
 13865 | Lair:1   | Entered Level 1 of the Lair of Beasts
 13958 | Lair:1   | Noticed Borgoz's ghost (novice TrCK)
 13958 | Lair:1   | Banished Borgoz's ghost
 14128 | Lair:1   | Noticed a spiny frog
 14142 | Lair:1   | Banished a spiny frog
 14420 | Lair:1   | Noticed Gastronok
 14470 | D:10     | Entered Level 10 of the Dungeon
 14928 | D:10     | Gained mutation: You have sharp toenails. [demonic ancestry]
 14928 | D:10     | Reached XP level 11. HP: 24/76 MP: 17/17
 15143 | D:10     | Noticed Psyche
 15149 | D:10     | Killed Psyche
 15407 | D:10     | Noticed dondy's ghost (novice DsAK)
 15408 | D:10     | Banished dondy's ghost
 15627 | D:10     | Noticed Fannar
 15721 | D:10     | Killed Fannar
 16195 | D:11     | Found Gael's Assorted Antiques.
 16294 | D:11     | Reached skill level 13 in Long Blades
 16856 | D:11     | Reached skill level 10 in Invocations
 17247 | D:11     | Noticed a two-headed ogre
 17261 | D:11     | Killed a two-headed ogre
 17672 | D:12     | Noticed a deep elf mage
 17683 | D:12     | Killed a deep elf mage
 17683 | D:12     | Reached skill level 5 in Dodging
 17770 | D:12     | Found a staircase to the Orcish Mines.
 19093 | Lair:1   | Killed Gastronok
 19093 | Lair:1   | Reached XP level 12. HP: 30/83 MP: 19/19
 19679 | Lair:2   | Found a staircase to the Swamp.
 19802 | Lair:2   | Reached skill level 14 in Long Blades
 19887 | Lair:2   | Found a hole to the Spider Nest.
 21088 | Lair:3   | Reached skill level 5 in Fighting
 23022 | Lair:4   | Reached ***** piety under Lugonu
 23223 | Lair:4   | Noticed a five-headed hydra
 23231 | Lair:4   | Killed a three-headed hydra
 24339 | Lair:5   | Reached XP level 13. HP: 81/98 MP: 20/20
 25259 | Orc:1    | Entered Level 1 of the Orcish Mines
 25488 | Orc:2    | Entered Level 2 of the Orcish Mines
 26078 | Orc:2    | Found a roughly hewn altar of Beogh.
 26181 | Orc:2    | Reached skill level 10 in Dodging
 26225 | Orc:2    | Found a staircase to the Elven Halls.
 28170 | D:14     | Noticed a fire giant
 28200 | D:14     | Killed a fire giant
 28200 | D:14     | Reached skill level 10 in Fighting
 29402 | D:14     | Found a gate to the Vaults.
 30358 | Lair:6   | Entered Level 6 of the Lair of Beasts
 30645 | Lair:5   | Reached XP level 14. HP: 94/110 MP: 21/21
 30952 | Lair:6   | Reached ****** piety under Lugonu
 30963 | Lair:6   | Noticed azzavlup's ghost (journeyman KoBe)
 30969 | Lair:6   | Banished azzavlup's ghost
 32444 | Lair:5   | Reached skill level 15 in Long Blades
 32767 | Lair:6   | Reached skill level 10 in Armour
 34814 | Lair:6   | Reached skill level 16 in Long Blades
 35168 | Lair:6   | Found a glowing silver altar of Zin.
 35410 | Lair:6   | Found a viscous altar of Jiyva.
 35410 | Lair:6   | Found a staircase to the Slime Pits.
 36213 | Lair:6   | Found a burning altar of Makhleb.
 37003 | Lair:6   | Found a gateway to Hell.
 37139 | Lair:5   | Gained mutation: You are significantly more attuned to the shadows. [demonic ancestry]
 37139 | Lair:5   | Reached XP level 15. HP: 54/115 MP: 22/22
 37723 | Orc:2    | Corrupted Orc:2
 37723 | Orc:2    | Noticed a tentacled starspawn
 38120 | Orc:2    | Found Puvveoz's General Store.
 38394 | Orc:2    | Reached skill level 17 in Long Blades
 38402 | Orc:2    | Bought a scroll of identify for 22 gold pieces
 38402 | Orc:2    | Bought a scroll of identify for 22 gold pieces
 38468 | Orc:2    | Found Zoun's Antique Armour Shoppe.
 38680 | Orc:2    | Found a roughly hewn altar of Beogh.
 38767 | Orc:2    | Found Abophim's Book Shop.
 38767 | Orc:2    | Found Fucugh Hyinn's Magic Scroll Shoppe.
 38781 | Orc:2    | Bought a scroll of silence for 105 gold pieces
 38781 | Orc:2    | Bought a scroll of brand weapon for 280 gold pieces
 39728 | D:15     | Entered Level 15 of the Dungeon
 40276 | D:15     | Found a runed door.
 40670 | D:15     | Corrupted D:15
 40670 | D:15     | Noticed a tentacled starspawn
 40671 | D:15     | HP: 2/115 [meliai/divine providence (15)]
 40671 | D:15     | Killed from afar by a meliai

Vault maps used:
D:1:      lightli_arrival_statuegarden
D:2:      minivault_14, kennysheep_cluttered_room, uniq_sigmund, uniq_terence
D:4:      grunt_gozag_statues
D:5:      first_bread
D:7:      uniq_joseph, uniq_crazy_yiuf_cottage, uniq_menkaure
D:8:      serial_shops, kennysheep_mini_moat, uniq_erica
D:9:      david_lair_shrubbed, blue_anna_alchemist, hangedman_glass_teeth
D:10:     uniq_fannar, uniq_psyche
D:11:     serial_shops, kennysheep_little_box
D:12:     orc_0_dummy
D:14:     david_vaults_5, minmay_three_doors
D:15:     hangedman_depths_entry_try_elsewhere_first,
          nicolae_trove_entry_columns, minmay_misc_feat_room,
          minmay_misc_feat_roman, st_stairs_1, minmay_st_funbox
Lair:1:   grunt_megastairs_4, uniq_gastronok
Lair:2:   swamp_mist_pool, nicolae_spider_entry_orb_guardian,
          minmay_lair_oklob_items, minmay_stone_trees_small
Lair:4:   infiniplex_staircase_pool_2
Lair:5:   minmay_lair_oklob_bushes, grunt_megastairs_5, serial_bayou_shore_a
Lair:6:   evil_forest, dpeg_slime_entry_enclosed_altar, basic_altar,
          grunt_megastairs_1
Orc:2:    st_orc_town, basic_altar

Skill      XL: |  1  2  3  4  5  6  7  8  9 10 11 12 13 14 15 |
---------------+----------------------------------------------+-----
Dodging        | 1 2 6 9 10 | 10.0
Long Blades    | 2 3 4 5 6 7 9 11 12 13 14 16 17 | 17.8
Invocations    | 4 8 9 10 | 10.0
Armour         | 3 6 8 10 | 10.0
Fighting       | 4 8 10 | 10.1

Action                   |  1- 3 |  4- 6 |  7- 9 | 10-12 | 13-15 || total
-------------------------+-------+-------+-------+-------+-------++-------
Melee: Falchion          |   148 |   239 |   624 |       |       ||  1011
       Scimitar          |       |       |       |   829 |   331 ||  1160
       Great sword       |       |       |       |       |  1254 ||  1254
Throw: Javelin           |       |     9 |     8 |    15 |       ||    32
Invok: Depart the Abyss  |     1 |       |       |       |       ||     1
       Bend Space        |       |       |     3 |     1 |     2 ||     6
       Banish            |       |       |     2 |     9 |    12 ||    23
       Corrupt           |       |       |       |       |     2 ||     2
Evoke: Wand              |       |       |     2 |    16 |     3 ||    21
       Lamp of fire      |       |       |       |     1 |     1 ||     2
       Phial of floods   |       |       |       |       |     1 ||     1
  Use: Potion            |       |     1 |     4 |     1 |     2 ||     8
       Scroll            |       |       |    12 |     2 |     9 ||    23
 Stab: Sleeping          |     1 |     3 |     3 |     8 |       ||    15
       Distracted        |       |     1 |     1 |     2 |       ||     4
       Paralysed         |       |       |     4 |       |       ||     4
  Eat: Chunk             |     4 |    10 |    21 |    38 |    50 ||   123
       Fruit             |       |       |       |     5 |    10 ||    15
       Pizza             |       |       |       |     1 |       ||     1
Armor: Leather armour    |    38 |       |   113 |   210 |    28 ||   389
       Ring mail         |       |    99 |   112 |       |       ||   211
       Plate armour      |       |       |       |       |  1039 ||  1039
Dodge: Dodged            |    97 |   114 |   304 |   373 |   690 ||  1578
       Rpst.: Falchion   |    38 |    36 |   101 |       |       ||   175
       Scimitar          |       |       |       |   102 |    32 ||   134
       Great sword       |       |       |       |       |   132 ||   132
